 Dungeon Crawl Stone Soup version 0.22-a0-605-g9281fa2 (webtiles) character file.

28 Hebeh the Firebug (level 3, -3/19 HPs)
             Began as a Deep Elf Fire Elementalist on July 8, 2018.
             Slain by a worm (12 damage)
             ... on level 2 of the Dungeon.
             The game lasted 00:04:41 (722 turns).

Hebeh the Firebug (Deep Elf Fire Elementalist)       Turns: 722, Time: 00:04:42

Health: -3/19      AC:  2    Str:  5    XL:     3   Next: 0%
Magic:  0/10       EV: 13    Int: 20    God:
Gold:   38         SH:  0    Dex: 15    Spells: 6/9 levels left

rFire    . . .     SeeInvis .   d - +0 dagger
rCold    . . .     Gourm    .   (no shield)
rNeg     . . .     Faith    .   a - +0 robe
rPois    .         Spirit   .   (no helmet)
rElec    .         Reflect  .   (no cloak)
rCorr    .         Harm     .   (no gloves)
MR       .....                  (no boots)
Stlth    ++........             (no amulet)
HPRegen  0.06/turn              (no ring)
MPRegen  0.12/turn              (no ring)

@: no status effects
A: no striking features
a: no special abilities


You were on level 2 of the Dungeon.
You were not hungry.

You visited 1 branch of the dungeon, and saw 2 of its levels.

You collected 38 gold pieces.

Inventory:

Hand Weapons
 d - a +0 dagger (weapon)
Armour
 a - a +0 robe (worn)
Scrolls
 e - a scroll of fog {unknown}
 h - a scroll of identify {unknown}
Potions
 f - a potion of heal wounds {unknown}
 g - a potion of flight {unknown}
Comestibles
 b - 3 chunks of flesh
 c - 3 rations


   Skills:
 - Level 2.4 Dodging
 + Level 2.7 Stealth
 * Level 3.6 Spellcasting
 * Level 1.9 Conjurations
 * Level 3.7 Fire Magic


You had 6 spell levels left.
You knew the following spells:

 Your Spells              Type           Power        Failure   Level  Hunger
a - Flame Tongue          Conj/Fire      ###..        4%          1    None
b - Throw Flame           Conj/Fire      ###...       6%          2    ##.....

Your spell library contained the following spells:

 Spells                   Type           Power        Failure   Level  Hunger
 Fireball                 Conj/Fire      ###.......   75%         5    ######.
 Conjure Flame            Conj/Fire      ###.....     12%         3    ###....
 Sticky Flame             Conj/Fire      ###.....     38%         4    ####...
 Inner Flame              Hex/Fire       ##......     19%         3    ###....


Dungeon Overview and Level Annotations

Branches:
Dungeon (2/15)

Altars:


Message History

Casting: Flame Tongue (safe; 4% risk of failure)
Confirm with . or Enter, or press ? or * to list all spells.
Aiming: Flame Tongue (safe; 4% risk of failure)
Press: ? - help, Shift-Dir - straight line, f - worm
Aim: a worm (lightly wounded)
The flame tongue misses the worm.
You are too injured to fight recklessly!
You are too injured to fight recklessly!
You are too injured to fight recklessly!
You hit the worm but do no damage.
The worm is lightly wounded.
The worm barely misses you.
You barely miss the worm.
The worm is lightly wounded.
You hit the worm but do no damage.
The worm is lightly wounded.
The worm closely misses you.
You hit the worm but do no damage. The worm bites you!
Ouch! That really hurt!
You die...

. .. ...
####### ....
#<....# .....
#####.###......
#..@w...?..
#####.....#
....+ ...# (.#
.# #


You could see a worm.

Vanquished Creatures
  An adder (D:2)
  An adder zombie (D:2)
  A dart slug (D:2)
  4 goblins (D:1)
  2 hobgoblins (D:1)
  A bat (D:1)
  A frilled lizard (D:1)
  4 rats (D:1)
15 creatures vanquished.

Notes
Turn   | Place    | Note
-------+----------+-------------------------------------------
     0 | D:1      | Hebeh the Deep Elf Fire Elementalist began the quest for the Orb.
     0 | D:1      | Reached XP level 1. HP: 10/10 MP: 6/6
   193 | D:1      | Reached XP level 2. HP: 15/15 MP: 6/8
   695 | D:2      | Learned a level 2 spell: Throw Flame
   715 | D:2      | Reached XP level 3. HP: 12/19 MP: 0/10
   722 | D:2      | Slain by a worm

Vault maps used:
D:1:      minmay_arrival_loop
D:2:      old_standard_altar, chequers_ecumenical_altar_island, minivault_4,
          roderic_serpentine_path, kennysheep_minor_cross,
          grunt_dithmenos_smoke_and_mirrors, uniq_jessica, uniq_sigmund,
          uniq_natasha

Action                   || total
-------------------------++-------
Melee: Dagger            ||     9
 Cast: Flame Tongue      ||    27
       Throw Flame       ||     2
Armor: Robe              ||     1
Dodge: Dodged            ||     6

Table legend:
 A = Spawn XP
 B = Non-spawn XP
 C = Spawn XP percentage of total XP
 D = Spawn monster count
 E = Non-spawn monster count
 F = Spawn count percentage of total count
 G = Total turns spent on level
                    A         B        C        D         E        F      G
               +---------+---------+-------+---------+---------+-------+---------
         Total |       0 |      41 |   0.0 |       0 |      15 |   0.0 |   722
               +---------+---------+-------+---------+---------+-------+---------
           D:1 |       0 |      18 |   0.0 |       0 |      12 |   0.0 |   691
           D:2 |       0 |      23 |   0.0 |       0 |       3 |   0.0 |    31
               +---------+---------+-------+---------+---------+-------+---------
